 Dungeon Crawl Stone Soup version 0.24-a0-373-g39439d8 (webtiles) character file.

Game seed: 9935084952081137840

80 Deathlysoul the Digger (level 4, -4/24 HPs)
             Began as a Gargoyle Earth Elementalist on May 31, 2019.
             Slain by a gnoll
             ... wielding a +0 flail
              (10 damage)
             ... on level 2 of the Dungeon.
             The game lasted 00:04:26 (1923 turns).

Deathlysoul the Digger (GrEE)                       Turns: 1923, Time: 00:04:27

Health: -4/24      AC:  6    Str: 11    XL:     4   Next: 39%
Magic:  5/8        EV: 12    Int: 17    God:
Gold:   106        SH:  0    Dex: 10    Spells: 5/9 levels left

rFire    . . .     SeeInvis .   q - +0 whip
rCold    . . .     Gourm    .   (no shield)
rNeg     + . .     Faith    .   c - +0 robe
rPois    ∞         Spirit   .   (no helmet)
rElec    +         Reflect  .   (no cloak)
rCorr    .         Harm     .   e - +0 pair of gloves
MR       .....                  (no boots)
Stlth    ++........             (no amulet)
HPRegen  0.08/turn              (no ring)
MPRegen  0.11/turn              (no ring)

@: no status effects
A: negative energy resistance 1, electricity resistance, unbreathing,
petrification resistance, rot immunity, AC +3
a: no special abilities


You were on level 2 of the Dungeon.
You were hungry.

You visited 1 branch of the dungeon, and saw 2 of its levels.

You collected 106 gold pieces.

Inventory:

Hand Weapons
 q - a +0 whip (weapon)
Armour
 c - a +0 robe (worn)
 e - a +0 pair of gloves (worn)
 l - a +0 buckler
Jewellery
 j - an uncursed amulet of magic regeneration {unknown}
Scrolls
 a - a scroll of fog {unknown}
 f - 3 scrolls of teleportation {unknown}
 k - 2 scrolls of enchant armour {unknown}
 n - a scroll of identify {unknown}
Potions
 g - a potion of mutation {unknown}
 h - a potion of flight {unknown}
 i - a potion of agility {unknown}
Comestibles
 d - 3 rations


   Skills:
 - Level 1.5 Dodging
 - Level 2.1 Stealth
 * Level 3.2 Spellcasting
 * Level 0.3 Conjurations
   Level 0.7 Transmutations
 * Level 5.0 Earth Magic


You had 5 spell levels left.
You knew the following spells:

 Your Spells              Type           Power        Failure   Level  Hunger
a - Sandblast             Erth           ###...       2%          1    None
b - Stone Arrow           Conj/Erth      ##....       17%         3    ###....

Your spell library contained the following spells:

 Spells                   Type           Power        Failure   Level  Hunger
 Passwall                 Tmut/Erth      ##......     8%          2    ##.....
 Petrify                  Tmut/Erth      ##......     45%         4    ####...
 Lee's Rapid Deconstruct  Erth           ###.......   52%         5    ######.


Dungeon Overview and Level Annotations

Branches:
Dungeon (2/15)

Altars:


Innate Abilities, Weirdness & Mutations

You are resistant to torment.
Your stone body is resilient. (AC +3)
You are immune to poison.
You resist negative energy. (rN+)
You are resistant to electric shocks. (rElec)
You can survive without breathing.
You are immune to petrification.
You are immune to rotting.


Message History

Aiming: Sandblast (safe; 2% risk of failure)
Press: ? - help, Shift-Dir - straight line, f/p - gnoll
Aim: a gnoll, wielding a +0 flail (almost dead)
You don't have any stones to cast with.
You hit the gnoll but do no damage.
The gnoll is almost dead.
The gnoll closely misses you. The gnoll hits you but does no damage.
You hit the gnoll but do no damage.
The gnoll is almost dead.
The gnoll closely misses you. The gnoll barely misses you.
You barely miss the gnoll.
The gnoll is almost dead.
The gnoll hits you with a +0 whip. The gnoll hits you with a +0 flail.
You closely miss the gnoll.
The gnoll is almost dead.
The gnoll barely misses you. The gnoll hits you with a +0 flail.
* * * LOW HITPOINT WARNING * * *
The gnoll hits you but does no damage. The gnoll hits you with a +0 flail!
You die...

#............###.#####
#............# #......
#............# #......
..####........# #......
#)....##### #......
##.≈.≈..# #......
#...≈≈..# #......
#.###≈≈≈....# #......
#<..)..@....######......
#.###gg......##.........
#........##.....#.##
#........##.....#..#
.'........#####.....#
###........# #......
#........# #......
#........# #......
#........# #.....#


You could see 2 gnolls.

Vanquished Creatures
  A gnoll (D:2)
  2 adders (D:2)
  A worm (D:2)
  3 dart slugs (D:1)
  3 leopard geckos
  3 bats
  3 giant cockroaches
  2 hobgoblins
  6 kobolds
  A quokka (D:2)
  A ball python skeleton (D:2)
  3 frilled lizards (D:1)
  4 goblins
  A jackal zombie (D:2)
  A leopard gecko skeleton (D:2)
  5 rats
40 creatures vanquished.

Notes
Turn   | Place    | Note
-------+----------+-------------------------------------------
     0 | D:1      | Deathlysoul the Gargoyle Earth Elementalist began the quest
                  | for the Orb.
     0 | D:1      | Reached XP level 1. HP: 10/10 MP: 3/3
   207 | D:1      | Reached skill level 4 in Earth Magic
   207 | D:1      | Reached XP level 2. HP: 9/15 MP: 0/5
   791 | D:1      | Reached XP level 3. HP: 19/19 MP: 3/6
  1597 | D:2      | Reached XP level 4. HP: 24/24 MP: 5/8
  1771 | D:2      | Learned a level 3 spell: Stone Arrow
  1915 | D:2      | Reached skill level 5 in Earth Magic
  1923 | D:2      | Slain by a gnoll

Levels and vault maps discovered:
D:1:      minmay_arrival_nine_rooms, layout_loops_ring
D:2:      layout_basic, serial_undead, serial_undead_a, serial_undead_e,
          serial_undead_f, serial_undead_d, chequers_serial_rivers_micro_c,
          corexii_leaking_fountain

Skill      XL: |  1  2  3  4 |
---------------+-------------+-----
Earth Magic    | 4 5 |  5.0
Spellcasting   | 3 |  3.2
Dodging        | |  1.5
Stealth        | |  2.1
Conjurations   | |  0.3
Transmutations | |  0.7

Action                   |  1- 3 |  4- 6 || total
-------------------------+-------+-------++-------
Melee: Unarmed           |    39 |       ||    39
       Club              |       |    12 ||    12
       Whip              |       |     4 ||     4
 Cast: Sandblast         |    47 |    13 ||    60
  Eat: Chunk             |     2 |     1 ||     3
Armor: Robe              |    25 |    11 ||    36
Dodge: Dodged            |    32 |    18 ||    50

Table legend:
 A = Non-vault XP
 B = Vault XP
 C = Vault XP percentage of total XP
 D = Non-vault monster count
 E = Vault monster count
 F = Vault count percentage of total count
                 A         B        C        D         E       F
            +---------+---------+-------+---------+---------+-------
      Total |     112 |       3 |   2.6 |      37 |       3 |   7.5
            +---------+---------+-------+---------+---------+-------
        D:1 |      42 |       0 |   0.0 |      22 |       0 |   0.0
        D:2 |      70 |       3 |   4.1 |      15 |       3 |  16.7
            +---------+---------+-------+---------+---------+-------
